Map: Polka LE

Players

qqq - Winner!

  • Race: Zerg Zerg
  • Spawn Location: 5:00

Massa - Winner!

  • Race: Terran Terran
  • League: Platinum
  • Spawn Location: 5:00

Peker

  • Race: Protoss Protoss
  • Spawn Location: 11:00

feDOs

  • Race: Terran Terran
  • League: Diamond
  • Spawn Location: 11:00

VOD

Have the link to the VOD?

Description

Time

  • Played on: Nov. 11, 2020, 3:07 p.m.
  • Length: 18:52
Show
View Real Time Build Order
Export as new Build Order

qqq Zerg - Winner!

Build Orders: Hatch First 

Get SALT Encoding   

  12  0:01  Drone  
  13  0:09  Drone  
  14  0:36  Hatchery  
  13  0:43  Drone  
  14  0:53  Spawning Pool  
  13  1:02  Overlord  
  13  1:06  Drone  
  13  1:09  Extractor  
  13  1:15  Drone  
  14  1:20  Drone  
  14  1:24  Drone  
  16  1:35  Drone  
  17  1:40  Queen  
  17  1:45  Drone  
  20  1:49  Drone  
  21  1:57  Overlord  
  21  1:59  Drone  
  22  2:07  Zergling x2  
  23  2:10  Zergling x2  
  23  2:13  Metabolic Boost  
  24  2:21  Zergling x2  
  25  2:23  Queen  
  25  2:26  Zergling x2  
  28  2:33  Zergling x2  
  29  2:37  Zergling x2  
  29  2:42  Zergling x2  
  31  2:52  Zergling x6  
  31  2:53  Zergling x4  
  36  3:09  Overlord x2  
  36  3:13  Lair  
  36  3:20  Overlord  
  36  3:28  Zergling x6  
  39  3:36  Baneling Nest  
  38  3:45  Drone, Zergling x2  
  38  3:46  Drone x2  
  41  3:57  Drone x2, Zergling x2  
  44  4:09  Drone x3  
  48  4:10  Drone  
  48  4:11  Extractor  
  48  4:14  Drone  
  48  4:15  Extractor  
  48  4:16  Drone  
  48  4:23  Baneling x2  
  48  4:24  Baneling x3  
  48  4:25  Baneling  
  48  4:26  Baneling  
  48  4:30  Drone  
  49  4:36  Drone  
  50  4:39  Spore Crawler  
  50  4:40  Drone x2  
  51  4:45  Extractor  
  51  4:46  Drone  
  51  4:47  Drone  
  41  5:28  Zergling x2, Spire, Overlord x2  
  40  5:29  Drone x2, Overlord  
  40  5:30  Drone x2  
  42  5:40  Drone  
  43  5:45  Drone x2  
  43  5:47  Drone  
  46  5:58  Hatchery  
  46  6:01  Overlord x2  
  46  6:02  Overlord  
  45  6:07  Drone x3  
  48  6:17  Drone x3  
  51  6:39  Mutalisk x3  
  51  6:40  Mutalisk x4  
  65  6:47  Drone  
  65  6:49  Mutalisk  
  65  6:51  Corruptor  
  70  6:55  Zerg Flyer Weapons Level 1  
  70  6:58  Mutalisk  
  72  7:03  Corruptor  
  74  7:13  Hatchery  
  73  7:22  Drone x2  
  75  7:23  Infestation Pit  
  75  7:25  Mutalisk  
  76  7:35  Drone, Queen  
  79  7:37  Corruptor  
  79  7:40  Corruptor  
  83  7:47  Drone  
  84  7:52  Mutalisk  
  84  7:54  Overlord  
  84  7:55  Overlord  
  84  7:56  Drone  
  87  8:03  Spore Crawler  
  86  8:08  Corruptor  
  86  8:09  Mutalisk  
  81  8:26  Mutalisk x2  
  81  8:28  Drone x4  
  81  8:29  Queen  
  87  8:37  Drone  
  88  8:45  Extractor  
  88  8:47  Extractor  
  86  8:49  Zerg Flyer Armor Level 1  
  86  8:51  Drone x2  
  86  8:54  Mutalisk  
  90  8:59  Mutalisk  
  92  9:06  Hatchery  
  92  9:09  Hatchery  
  88  9:26  Corruptor  
  88  9:27  Mutalisk x2  
  76  10:11  Mutalisk x3  
  76  10:14  Hive  
  82  10:15  Drone x5  
  82  10:16  Drone, Queen  
  90  10:35  Drone x5  
  94  10:36  Drone  
  94  10:37  Mutalisk, Corruptor  
  94  10:38  Corruptor  
  94  10:40  Zergling x10  
  94  10:41  Drone x3, Zergling x2  
  111  10:45  Extractor  
  111  10:47  Extractor  
  111  10:48  Zerg Flyer Armor Level 2  
  111  10:49  Evolution Chamber  
  108  10:51  Evolution Chamber  
  108  10:53  Overlord x2  
  108  10:54  Drone x2  
  108  10:55  Drone x3  
  112  11:13  Spine Crawler  
  112  11:15  Spore Crawler, Corruptor x4  
  112  11:16  Spine Crawler x2  
  112  11:17  Drone x7  
  112  11:18  Drone  
  124  11:33  Queen  
  124  11:35  Drone x6  
  124  11:36  Drone  
  124  11:37  Viper x2  
  139  11:40  Overlord x2  
  139  11:41  Drone  
  139  11:42  Drone x2  
  139  11:44  Spore Crawler  
  139  11:45  Spine Crawler  
  140  11:47  Spine Crawler  
  140  11:48  Spore Crawler  
  140  11:50  Drone x2  
  140  11:51  Spine Crawler  
  140  11:53  Corruptor  
  141  11:59  Drone x2  
  141  12:00  Drone x2  
  145  12:05  Corruptor x2  
  119  12:52  Corruptor x2  
  119  12:53  Mutalisk x4, Corruptor x2  
  119  12:54  Mutalisk x4  
  119  12:55  Drone x3  
  119  12:56  Drone x3  
  126  13:43  Corruptor x4  
  126  13:44  Mutalisk x5  
  126  13:45  Drone x3  
  126  13:46  Zergling x6  
  148  14:03  Ultralisk Cavern, Zerg Melee Weapons Level 1  
  148  14:04  Zerg Ground Armor Level 1  
  148  14:08  Mutalisk x5  
  152  14:30  Mutalisk x2  
  152  14:31  Zergling x10  
  155  14:55  Ultralisk  
  155  14:56  Zergling x10  
  155  14:57  Overlord  
  166  15:09  Extractor  
  166  15:11  Extractor  
  164  15:21  Drone x3  
  164  15:22  Drone x3, Overlord  
  164  15:23  Overlord x7  
  164  15:25  Anabolic Synthesis  
  170  15:38  Drone x2  
  170  15:39  Hatchery  
  171  15:47  Greater Spire  
  171  15:52  Spine Crawler  
  170  15:58  Zerg Missile Weapons Level 1, Hydralisk Den  
  170  15:59  Spine Crawler x2  
  166  16:05  Ultralisk  
  166  16:06  Ultralisk x3  
  166  16:07  Zergling x6, Ultralisk  
  166  16:08  Zergling x2, Chitinous Plating  
  190  16:26  Zergling x6  
  193  16:38  Drone x3  
  193  16:39  Drone x3  
  195  17:00  Zergling x6  
  195  17:01  Zergling x4  
  200  17:08  Adrenal Glands  
  200  17:13  Burrow  
  125  18:08  Ultralisk x5  
  125  18:09  Ultralisk x3  
  125  18:10  Corruptor  
  125  18:12  Zergling x6  
  177  18:38  Drone x2  
  177  18:39  Drone  
Show
View Real Time Build Order
Export as new Build Order

Massa Terran - Winner!

Build Orders:  

Get SALT Encoding   

  12  0:00  SCV  
  13  0:12  SCV  
  14  0:24  SCV, Supply Depot  
  15  0:37  Refinery  
  15  0:45  SCV  
  15  0:46  Barracks  
  16  0:57  SCV  
  17  1:10  SCV  
  18  1:22  SCV  
  19  1:33  Supply Depot  
  19  1:35  SCV  
  19  1:36  Refinery  
  20  1:45  Factory  
  20  1:52  Orbital Command  
  20  1:58  Reaper  
  21  2:16  Barracks  
  21  2:20  SCV  
  22  2:46  Command Center  
  22  2:48  Hellion  
  24  2:54  Marine  
  25  3:03  Barracks Tech Lab  
  25  3:12  Starport  
  25  3:15  SCV  
  25  3:17  Supply Depot  
  25  3:18  Hellion  
  28  3:27  SCV, Stimpack  
  28  3:28  Marine  
  28  3:30  Marine  
  31  3:39  SCV  
  31  3:40  Hellion  
  34  3:49  Supply Depot  
  34  3:52  Supply Depot  
  34  4:01  Widow Mine  
  36  4:29  Widow Mine  
  30  4:43  Barracks Reactor  
  30  4:45  SCV  
  31  4:46  Orbital Command  
  31  4:50  Widow Mine  
  31  4:51  Medivac  
  31  4:52  Marine  
  35  4:57  SCV  
  37  5:03  Factory  
  37  5:06  Engineering Bay  
  37  5:09  SCV, Supply Depot  
  37  5:10  Marine  
  37  5:11  Widow Mine  
  37  5:12  SCV  
  42  5:21  SCV, Medivac  
  42  5:23  Marine x2  
  42  5:24  SCV  
  42  5:25  Combat Shield  
  42  5:28  Marine  
  48  5:33  SCV  
  52  5:36  SCV  
  52  5:41  Marine x2  
  51  5:46  Marine  
  48  6:03  Marine x2  
  54  6:04  Marauder  
  54  6:07  Factory Tech Lab  
  54  6:08  Terran Infantry Weapons Level 1  
  54  6:11  Missile Turret  
  54  6:14  Missile Turret  
  54  6:17  Missile Turret  
  54  6:18  SCV x2  
  54  6:19  Missile Turret  
  54  6:20  Marine x2  
  54  6:24  Missile Turret  
  56  6:28  Missile Turret  
  56  6:30  SCV x2  
  58  6:34  Cyclone  
  58  6:35  Missile Turret  
  58  6:36  Medivac  
  63  6:42  SCV x2  
  65  6:53  Armory  
  65  6:54  SCV x2  
  65  6:59  Refinery  
  67  7:02  Command Center  
  67  7:06  Cyclone  
  70  7:08  Missile Turret  
  70  7:11  Sensor Tower  
  70  7:15  Refinery  
  70  7:17  Marine x3  
  73  7:25  Barracks  
  73  7:30  Barracks  
  73  7:35  Marine x3  
  76  7:50  Supply Depot x2  
  76  7:52  Supply Depot  
  76  7:53  Starport Reactor, Marine x2  
  78  8:07  Factory  
  78  8:11  Marauder, Marine, Siege Tank  
  84  8:13  Supply Depot  
  84  8:15  Supply Depot  
  84  8:24  Barracks Reactor, Barracks Tech Lab  
  84  8:25  Marine  
  85  8:29  Marine  
  85  8:33  Marauder  
  88  8:43  Marine  
  88  8:44  SCV  
  88  8:45  SCV  
  91  8:54  Marauder  
  93  8:57  SCV x2  
  93  8:58  Terran Infantry Armor Level 1  
  93  9:00  Missile Turret x2  
  93  9:02  Missile Turret  
  95  9:09  SCV x2  
  96  9:23  Missile Turret x2  
  85  9:45  Marauder x2, Marine  
  79  9:46  Marine x3  
  79  10:07  Marauder x2  
  83  10:26  Orbital Command  
  83  10:27  SCV  
  83  10:28  SCV, Marauder  
  87  10:37  Factory Tech Lab  
  87  10:38  Engineering Bay  
  87  10:40  SCV x2  
  87  10:42  Thor  
  95  10:45  Marauder, Marine x3  
  95  10:46  Marine  
  95  10:49  Marauder, Medivac x2  
  107  10:52  SCV x2, Terran Infantry Weapons Level 2  
  109  10:59  Factory  
  109  11:03  Marine x3  
  112  11:06  Marauder  
  112  11:11  Marauder  
  114  11:14  Command Center  
  114  11:16  Marine  
  115  11:19  Medivac x2  
  115  11:21  Marine x3  
  115  11:23  Thor  
  128  11:28  Marauder  
  128  11:32  Marauder, Supply Depot  
  132  11:34  Marine, Supply Depot  
  132  11:36  Supply Depot  
  132  11:37  Drilling Claws  
  132  11:39  Smart Servos  
  133  11:48  Refinery  
  133  11:51  Refinery  
  133  11:53  Missile Turret  
  133  11:54  Marauder x2  
  137  11:55  Sensor Tower, Thor  
  137  11:56  Supply Depot  
  137  11:58  Supply Depot  
  137  12:01  Supply Depot  
  143  12:06  Supply Depot  
  143  12:07  Supply Depot  
  143  12:08  Marine, Supply Depot  
  143  12:12  Factory Reactor  
  143  12:15  Marauder x2  
  148  12:28  Supply Depot  
  148  12:30  Supply Depot  
  148  12:33  Missile Turret  
  148  12:36  Marauder  
  133  12:53  Missile Turret  
  122  13:01  Marine  
  122  13:02  Marine x5  
  122  13:18  Widow Mine x4  
  122  13:19  Marine  
  131  13:20  Marauder x2, Marine x3  
  131  13:24  Medivac x2  
  142  13:37  Marine x2  
  142  13:39  Widow Mine x2  
  142  13:40  Widow Mine x2  
  152  13:42  Marauder x2  
  156  13:54  Medivac x2  
  160  14:01  Widow Mine  
  162  14:03  Marauder x2  
  113  14:24  Medivac  
  113  14:26  Marauder x2, Marine  
  113  14:27  Marine x3  
  123  14:33  Widow Mine x2  
  123  14:34  Widow Mine x2  
  131  14:44  Marine x3  
  134  14:47  Marauder, Marine  
  134  14:48  Marauder  
  134  14:51  Orbital Command  
  139  14:53  SCV x3  
  139  14:55  Widow Mine x3  
  148  15:02  Marine x3  
  148  15:04  Marine  
  148  15:05  SCV x3  
  155  15:09  Marauder x2  
  159  15:17  SCV  
  159  15:20  Marine x3  
  163  15:22  Marine  
  163  15:24  Terran Infantry Armor Level 2  
  158  15:30  Marauder x2  
  160  15:36  Siege Tank x2  
  160  15:38  Marine x3  
  160  15:40  Marine  
  170  15:46  SCV x4  
  174  15:52  Marauder x2, Missile Turret  
  174  15:55  Marine  
  174  15:56  Missile Turret  
  179  15:58  SCV x4  
  183  16:07  Medivac x2  
  183  16:08  Siege Tank x2  
  183  16:10  SCV x4  
  183  16:11  Terran Infantry Weapons Level 3  
  197  16:13  Marauder, Terran Vehicle Weapons Level 1  
  199  16:28  Command Center  
  199  16:43  Refinery  
  199  16:45  Command Center  
  199  16:46  Refinery  
  199  16:55  Concussive Shells  
  182  18:12  Marauder  
  182  18:13  Marauder, Marine x4  
  183  18:23  Barracks x2  
  183  18:24  Barracks x3  
  160  18:31  Marine x4  
Show
View Real Time Build Order
Export as new Build Order

Peker Protoss 

Build Orders:  

Get SALT Encoding   

  12  0:00  Probe  
  13  0:17  Pylon  
  13  0:18  Probe  
  14  0:30  Probe  
  15  0:36  Gateway  
  15  0:42  Probe  
  16  0:48  Assimilator  
  16  0:54  Probe  
  17  0:59  Pylon  
  17  1:06  Probe  
  17  1:07  Assimilator  
  18  1:18  Probe  
  19  1:26  Cybernetics Core  
  19  1:30  Probe  
  19  1:38  Zealot  
  21  1:42  Probe  
  22  1:55  Probe  
  23  2:05  Stargate  
  23  2:29  Nexus  
  23  2:37  Pylon  
  23  2:49  Void Ray  
  27  3:17  Fleet Beacon  
  27  3:23  Pylon  
  27  3:44  Probe (Chrono Boost), Void Ray  
  28  3:54  Probe (Chrono Boost)  
  34  3:56  Probe (Chrono Boost)  
  34  3:59  Probe (Chrono Boost)  
  34  4:00  Assimilator  
  35  4:04  Probe  
  30  4:45  Flux Vanes  
  30  4:47  Void Ray  
  30  4:50  Probe (Chrono Boost)  
  36  5:00  Probe (Chrono Boost)  
  36  5:06  Probe (Chrono Boost)  
  38  5:10  Probe (Chrono Boost)  
  38  5:13  Probe (Chrono Boost)  
  39  5:17  Probe (Chrono Boost)  
  39  5:18  Probe (Chrono Boost)  
  39  5:19  Pylon  
  40  5:28  Probe  
  41  5:41  Probe  
  38  5:45  Void Ray (Chrono Boost)  
  42  6:08  Pylon, Stargate  
  42  6:10  Forge  
  42  6:14  Probe (Chrono Boost), Pylon  
  43  6:19  Void Ray (Chrono Boost)  
  43  6:20  Assimilator  
  43  6:23  Probe (Chrono Boost), Pylon  
  44  6:28  Probe (Chrono Boost)  
  49  6:46  Photon Cannon, Void Ray  
  49  6:47  Protoss Air Weapons Level 1 (Chrono Boost)  
  49  6:52  Photon Cannon  
  53  6:55  Probe (Chrono Boost)  
  54  7:04  Probe (Chrono Boost)  
  55  7:09  Probe (Chrono Boost)  
  55  7:14  Void Ray  
  56  7:16  Photon Cannon  
  60  7:25  Probe  
  60  7:27  Probe  
  62  7:34  Void Ray  
  62  7:37  Probe  
  62  7:39  Probe  
  68  7:48  Protoss Shields Level 1  
  68  7:49  Probe  
  69  7:51  Probe  
  70  8:04  Probe  
  71  8:16  Probe  
  56  8:28  Phoenix  
  56  8:29  Phoenix  
  56  8:33  Anion Pulse-Crystals (Chrono Boost)  
  56  8:45  Protoss Air Armor Level 1 (Chrono Boost)  
  56  8:47  Photon Cannon  
  56  8:53  Photon Cannon, Phoenix  
  56  8:54  Phoenix  
  60  9:18  Phoenix  
  60  9:19  Phoenix  
  62  9:44  Phoenix  
  62  9:48  Phoenix  
  60  10:08  Phoenix  
  60  10:13  Phoenix  
  64  10:33  Phoenix  
  66  10:38  Phoenix  
  68  10:46  Protoss Air Armor Level 2 (Chrono Boost)  
  68  10:58  Phoenix  
  68  11:03  Phoenix  
  71  11:23  Phoenix  
  73  11:28  Phoenix  
  75  11:42  Void Ray  
  75  11:47  Void Ray  
  83  12:20  Void Ray  
  79  12:24  Void Ray  
  81  13:00  Carrier (Chrono Boost)  
  81  13:04  Carrier (Chrono Boost)  
  67  13:40  Nexus  
  67  13:45  Stargate  
  67  13:46  Pylon, Stargate  
  63  13:49  Nexus  
  53  14:27  Void Ray x2 (Chrono Boost)  
  53  14:28  Void Ray (Chrono Boost)  
  53  14:29  Void Ray (Chrono Boost)  
  57  14:59  Void Ray x4 (Chrono Boost)  
  57  15:01  Twilight Council  
  57  15:04  Pylon  
  73  15:08  Probe (Chrono Boost)  
  73  15:10  Protoss Air Armor Level 3 (Chrono Boost)  
  74  15:14  Pylon  
  74  15:17  Pylon  
  74  15:19  Probe (Chrono Boost)  
  74  15:20  Probe (Chrono Boost)  
  74  15:21  Pylon  
  76  15:27  Probe (Chrono Boost)  
  76  15:28  Probe (Chrono Boost)  
  78  15:32  Probe (Chrono Boost)  
  78  15:35  Probe  
  80  15:37  Assimilator  
  80  15:39  Void Ray x2  
  80  15:41  Void Ray, Assimilator  
  80  15:42  Pylon  
  80  15:46  Pylon  
  80  15:48  Void Ray  
  92  15:50  Pylon  
  95  16:04  Photon Cannon x2  
  95  16:07  Photon Cannon  
  95  16:10  Photon Cannon  
  95  16:14  Assimilator  
  77  16:22  Void Ray  
  77  16:23  Void Ray x2  
  77  16:25  Void Ray  
  48  16:57  Void Ray (Chrono Boost)  
  42  17:06  Phoenix (Chrono Boost)  
  42  17:07  Phoenix x2 (Chrono Boost)  
  45  17:22  Phoenix x2 (Chrono Boost)  
  45  17:23  Phoenix  
  9  17:44  Nexus  
Show
View Real Time Build Order
Export as new Build Order

feDOs Terran 

Build Orders: Reaper Expand 

Get SALT Encoding   

  12  0:00  SCV  
  13  0:13  SCV  
  14  0:24  Supply Depot  
  14  0:25  SCV  
  15  0:46  SCV  
  15  0:49  Barracks  
  16  0:51  Refinery  
  16  0:58  SCV  
  17  1:10  SCV  
  18  1:22  SCV  
  19  1:35  Orbital Command  
  19  1:37  Reaper  
  20  1:43  Command Center  
  20  2:00  Supply Depot  
  20  2:02  SCV  
  21  2:15  SCV  
  22  2:19  Marine  
  23  2:23  Factory  
  23  2:27  SCV  
  24  2:31  Bunker  
  24  2:33  Refinery  
  24  2:39  SCV  
  25  2:44  Barracks Reactor  
  25  2:51  SCV  
  25  2:55  Orbital Command  
  26  3:03  SCV  
  27  3:08  Starport  
  27  3:09  Factory Tech Lab  
  27  3:15  SCV  
  28  3:21  Marine x2  
  31  3:27  SCV  
  31  3:28  SCV  
  31  3:29  Cyclone  
  35  3:39  SCV  
  35  3:40  SCV  
  37  3:51  SCV, Viking  
  37  3:52  SCV  
  41  3:55  Supply Depot  
  41  4:02  Barracks  
  41  4:03  SCV  
  41  4:04  SCV  
  41  4:09  Marine x2  
  45  4:18  Factory Tech Lab  
  45  4:22  SCV x2  
  45  4:24  Refinery  
  47  4:29  Engineering Bay  
  46  4:40  SCV x2  
  48  4:49  Marine  
  50  4:53  Starport Reactor  
  50  4:54  Barracks Reactor  
  49  5:01  Marine  
  41  5:21  Marine  
  40  5:22  Stimpack  
  35  5:35  Supply Depot  
  35  5:38  Marine  
  35  5:39  SCV x2  
  38  5:52  Barracks  
  38  5:53  Starport Reactor  
  38  5:54  Cyclone  
  38  5:55  Marine  
  43  6:05  Barracks Reactor  
  43  6:10  Supply Depot  
  43  6:11  SCV x2  
  44  6:13  Marauder  
  44  6:14  Terran Infantry Weapons Level 1  
  44  6:17  Supply Depot  
  46  6:23  SCV x2  
  48  6:26  Refinery, Cyclone  
  51  6:35  SCV x2, Marauder, Medivac x2  
  51  6:36  Command Center  
  59  6:47  SCV x2, Marine x3  
  59  6:48  Marine  
  65  6:55  Engineering Bay  
  65  6:56  Marine  
  65  6:58  Cyclone  
  65  6:59  SCV  
  70  7:09  Supply Depot  
  70  7:17  Supply Depot  
  70  7:20  Armory  
  70  7:30  Marine x3, Medivac x2  
  70  7:31  SCV  
  70  7:32  Combat Shield  
  78  7:38  Marine x2  
  78  7:39  SCV  
  78  7:40  Supply Depot  
  78  7:42  Supply Depot  
  78  7:43  SCV  
  82  7:44  Terran Infantry Armor Level 1  
  82  7:48  Marine x3  
  82  7:51  SCV  
  86  7:56  SCV, Marine x2  
  86  7:57  Siege Tank  
  92  8:03  SCV  
  93  8:06  Marine x3  
  96  8:14  Marine x2  
  96  8:18  Medivac  
  96  8:19  Medivac  
  102  8:24  Marine x3  
  102  8:26  Missile Turret x2  
  105  8:28  Missile Turret  
  105  8:29  SCV x2, Siege Tank  
  105  8:32  Marine x2  
  112  8:42  SCV  
  112  8:43  Missile Turret  
  112  8:44  SCV, Missile Turret  
  112  8:45  Missile Turret  
  114  8:53  Orbital Command  
  114  8:54  SCV  
  115  8:56  SCV  
  115  9:02  Terran Infantry Weapons Level 2  
  116  9:08  Missile Turret  
  116  9:09  Refinery  
  110  9:11  Missile Turret  
  110  9:13  Missile Turret  
  110  9:16  Missile Turret  
  94  9:19  Marine x5  
  77  9:35  Medivac, Siege Tank  
  77  9:37  Marine x4  
  81  9:42  Missile Turret  
  81  9:45  Marine  
  73  9:46  Missile Turret  
  70  9:54  Marine x2  
  70  9:55  Marine x2  
  74  10:03  Marine  
  75  10:07  Siege Tank  
  75  10:12  Marine x3  
  75  10:13  Marine  
  82  10:31  Marine, Command Center  
  82  10:32  Marine x4  
  87  10:39  Siege Tank  
  87  10:42  Medivac x2  
  94  10:49  Marine x3  
  97  10:58  Marine  
  97  10:59  Marine  
  97  11:01  Terran Infantry Armor Level 2  
  99  11:07  Marine  
  100  11:28  Marine x2  
  102  11:42  Marine x3  
  102  11:43  Siege Tank  
  102  11:45  Refinery, Marine  
  102  11:46  Marine  
  110  11:53  Barracks  
  110  11:54  Barracks  
  110  11:55  Medivac x2  
  110  11:58  Barracks  
  110  12:00  Marine x3  
  117  12:09  Orbital Command  
  117  12:38  Marine  
  117  12:43  Marine  
  117  12:49  Marine x3  
  117  13:05  Marine  
  117  13:06  Marine x2  
  117  13:07  Marine x3  
  117  13:09  Marine  
  117  13:10  Marine  
  116  13:23  Marine  
  117  13:38  Marine x2  
  117  13:50  Supply Depot  
  117  13:51  Supply Depot  
  117  13:54  Supply Depot  
  117  13:59  Barracks Reactor, Barracks Tech Lab  
  117  14:00  Barracks Reactor  
  117  14:03  Supply Depot  
  117  14:05  Terran Infantry Weapons Level 3  
  117  14:07  Marine x3  
  117  14:08  Marine x2  
  117  14:09  Terran Infantry Armor Level 3, Medivac  
  116  14:10  Medivac  
  116  14:11  Siege Tank  
  79  14:24  Marine x2  
  79  14:25  Marine x2  
  79  14:26  Marine x2  
  75  14:42  Marine x3  
  75  14:43  Siege Tank  
  75  14:44  Marauder  
  80  14:52  Marine  
  80  14:54  Missile Turret  
  83  15:05  Marauder  
  83  15:10  Barracks Tech Lab  
  83  15:12  Factory  
  83  15:15  Siege Tank  
  83  15:18  Marine x5  
  83  15:19  Marine x2  
  83  15:20  Command Center  
  84  15:27  Marauder  
  82  15:31  Marine  
  79  15:36  Marine x4  
  79  15:42  Missile Turret  
  83  15:47  Siege Tank  
  86  16:09  Supply Depot x2  
  86  16:19  Siege Tank  
  89  16:26  Marine  
  89  16:27  Marine x4  
  94  16:39  SCV  
  95  16:40  SCV x2  
  97  17:00  Marine x5  
  97  17:01  Marine x2  
  103  17:05  Marauder x2  
  108  17:13  Planetary Fortress  
  108  17:17  Refinery  
  108  17:18  Marine  
  108  17:20  Refinery  
  100  17:43  Marine x2  
  93  17:51  Marine x2  
  80  18:22  Marine x2  
  80  18:23  Marine  
  59  18:31  Marine  
Tags
 
Add a new tag
Caveats
  • Supply blocks, unpowered buildings, or Contaminate may cause inaccurate times.
  • Supply counts are checked every 10 seconds.